 Dungeon Crawl Stone Soup version 0.22-a0-126-g307c7c3 (webtiles) character file.

16 Azzok the Grave Robber (level 2, 23/23 HPs)
             Began as a Hill Orc Necromancer on Jan 30, 2018.
             Quit the game on level 1 of the Dungeon.
             The game lasted 00:02:08 (777 turns).

Azzok the Grave Robber (Hill Orc Necromancer)        Turns: 777, Time: 00:02:08

Health: 23/23      AC:  2    Str: 10    XL:     2   Next: 54%
Magic:  4/4        EV: 12    Int: 15    God:
Gold:   17         SH:  0    Dex: 11    Spells: 2/4 levels left

rFire    . . .     SeeInvis .   d - -3 club (curse)
rCold    . . .     Gourm    .   (no shield)
rNeg     . . .     Faith    .   a - +0 robe
rPois    .         Spirit   .   (no helmet)
rElec    .         Reflect  .   (no cloak)
rCorr    .         Harm     .   (no gloves)
MR       .....                  (no boots)
Stlth    ++........             (no amulet)
HPRegen  0.07/turn              (no ring)
MPRegen  0.09/turn              (no ring)

@: no status effects
A: no striking features
a: no special abilities


You were on level 1 of the Dungeon.
You were not hungry.

You visited 1 branch of the dungeon, and saw 1 of its levels.

You collected 17 gold pieces.

Inventory:

Hand Weapons
 d - a cursed -3 club (weapon)
Armour
 a - a +0 robe (worn)
Potions
 e - a potion of degeneration {unknown}
Books
 b - a book of Necromancy

   Spells                             Type                      Level
   a - Pain                           Necromancy                   1
   b - Animate Skeleton               Necromancy                   1
   c - Vampiric Draining              Necromancy                   3
   d - Regeneration                   Charms/Necromancy            3
   e - Animate Dead                   Necromancy                   4
Comestibles
 c - a ration


   Skills:
 + Level 1.0 Fighting
 - Level 1.7 Dodging
 - Level 1.7 Stealth
 - Level 1.6 Spellcasting
 + Level 4.2 Necromancy


You had 2 spell levels left.
You knew the following spells:

 Your Spells              Type           Power        Failure   Level  Hunger
a - Pain                  Necr           ##..         4%          1    ##.....
b - Animate Skeleton      Necr           N/A          4%          1    ##.....


Dungeon Overview and Level Annotations

Branches:
Dungeon (1/15)

Altars:


Message History

Casting: Pain (safe; 4% risk of failure)
Confirm with . or Enter, or press ? or * to list all spells.
You don't have enough magic to cast that spell.
Some of the chunks of flesh in your inventory have rotted away. x3
All of the chunks of flesh in your inventory have rotted away.
You see here a kobold skeleton.
Found a black potion.
You see here 7 gold pieces.
Found 10 gold pieces and a scroll labeled HEUTUENGOSYI.
The helpless rat fails to defend itself.
You hit the rat.
You kill the rat!
A hobgoblin comes into view.
Quiver which item? (- for none, * to show all) (? for menu, Esc to quit)
You don't have any such object.
Quiver which item? (- for none, * to show all) (? for menu, Esc to quit)
Huh?
Quiver which item? (- for none, * to show all) (? for menu, Esc to quit)
Okay, then.
Are you sure you want to abandon this character and quit the game? (Confirm with "yes".)

▒·▒·······▒·······
▒·····)···········
▒▒▒▒······▒▒····▒ ≈
▒··÷···▒▒····▒ ≈
▒···$··▒▒····▒ ≈
▒▒·····▒▒····▒
▒············▒
▒(···········▒
▒··········@▒▒
▒·················g
▒·······^··········
▒··················
▒··················
≈
▒···············▒▒▒
≈§
▒···············╬
≈≈ ···$········?▒
≈▒


You could see a hobgoblin (sleeping).

Vanquished Creatures
  An ooze (D:1)
  A leopard gecko (D:1)
  A goblin (D:1)
  2 hobgoblins (D:1)
  2 kobolds (D:1)
  A bat (D:1)
  2 frilled lizards (D:1)
  3 rats (D:1)
13 creatures vanquished.

Notes
Turn   | Place    | Note
-------+----------+-------------------------------------------
     0 | D:1      | Azzok the Hill Orc Necromancer began the quest for the Orb.
     0 | D:1      | Reached XP level 1. HP: 14/14 MP: 3/3
     7 | D:1      | Learned a level 1 spell: Animate Skeleton
   423 | D:1      | Reached XP level 2. HP: 17/20 MP: 0/4
   501 | D:1      | Reached skill level 1 in Fighting
   777 | D:1      | Quit the game

Vault maps used:
D:1:      lightli_molten_gateway, st_stairs_8

Skill      XL: |  1  2 |
---------------+-------+-----
Fighting       | 1 |  1.0
Dodging        | |  1.7
Stealth        | |  1.7
Spellcasting   | |  1.6
Necromancy     | |  4.2

Action                   || total
-------------------------++-------
Melee: Club              ||    26
 Cast: Pain              ||    17
       Animate Skeleton  ||     1
 Stab: Distracted        ||     1
       Sleeping          ||     1
Armor: Robe              ||     9
Dodge: Dodged            ||    21

Table legend:
 A = Spawn XP
 B = Non-spawn XP
 C = Spawn XP percentage of total XP
 D = Spawn monster count
 E = Non-spawn monster count
 F = Spawn count percentage of total count
 G = Total turns spent on level
                    A         B        C        D         E        F      G
               +---------+---------+-------+---------+---------+-------+---------
         Total |       0 |      23 |   0.0 |       0 |      13 |   0.0 |   777
               +---------+---------+-------+---------+---------+-------+---------
           D:1 |       0 |      23 |   0.0 |       0 |      13 |   0.0 |   777
               +---------+---------+-------+---------+---------+-------+---------
